 Dungeon Crawl Stone Soup version 0.19.0-11-g3fc08b3 (webtiles) character file.

1008 SirKenneth the Chopper (level 8, -2/69 HPs)
             Began as a Minotaur Fighter on Nov 8, 2016.
             Slain by a gnoll
             ... wielding a +0 halberd
              (4 damage)
             ... on level 5 of the Dungeon on Nov 9, 2016.
             The game lasted 00:27:22 (2820 turns).

SirKenneth the Chopper (Minotaur Fighter)           Turns: 2820, Time: 00:27:22

Health: -2/69      AC:  7    Str: 23    XL:     8   Next: 1%
Magic:  7/7        EV:  9    Int:  5    God:
Gold:   114        SH: 10    Dex: 10    Spells: 0 memorised, 7 levels left

rFire  . . .     SeeInvis .     a - +0 war axe
rCold  . . .     Gourm    .     b - +0 scale mail
rNeg   . . .     Faith    .     c - +0 shield
rPois  .         Spirit   .     (helmet restricted)
rElec  .         Reflect  .     (no cloak)
rCorr  .         Harm     .     (no gloves)
MR     .....                    (no boots)
Stlth  ..........               (no amulet)
                                (no ring)
                                (no ring)

@: no status effects
A: retaliatory headbutt, horns 2
a: no special abilities


You were on level 5 of the Dungeon.
You were not hungry.

You visited 1 branch of the dungeon, and saw 5 of its levels.

You collected 114 gold pieces.

Inventory:

Hand Weapons
 a - a +0 war axe (weapon)
Armour
 b - a +0 scale mail (worn)
 c - a +0 shield (worn)
Jewellery
 h - a +2 ring of intelligence {unknown}
 i - an uncursed amulet of the gourmand {unknown}
 n - an uncursed ring of protection from cold {unknown}
 q - an uncursed ring of resist corrosion {unknown}
 y - an uncursed ring of positive energy {unknown}
Scrolls
 k - a scroll of blinking {unknown}
 l - a scroll of fog {unknown}
 m - 3 scrolls of remove curse {unknown}
 o - 2 scrolls of amnesia {unknown}
 p - 2 scrolls of noise {unknown}
 r - a scroll of enchant armour {unknown}
 s - 5 scrolls of identify {unknown}
 t - a scroll of fear {unknown}
 u - a scroll of random uselessness {unknown}
Potions
 d - 2 potions of might
 g - 3 potions of degeneration {unknown}
 j - a potion of invisibility {unknown}
 v - a potion of resistance {unknown}
 x - a potion of beneficial mutation {unknown}
Comestibles
 f - a meat ration
 w - 2 slices of pizza
 z - a bread ration


   Skills:
 + Level 5.6 Fighting
 + Level 7.4 Axes
 + Level 5.8 Armour
 + Level 2.5 Dodging
 + Level 0.3 Stealth
 + Level 6.0 Shields


You had 7 spell levels left.
You didn't know any spells.

Dungeon Overview and Level Annotations

Branches:
Dungeon (5/15)
 Temple: D:4-7

Altars:

Shops:
D:4 (


Innate Abilities, Weirdness & Mutations

You reflexively headbutt those who attack you in melee.
You have a pair of horns on your head.


Message History

* * * LOW HITPOINT WARNING * * *
The gnoll hits you but does no damage. You block the gnoll's attack.
The gnoll barely misses you.
You feel better.
The gnoll shaman hits you but does no damage.
The gnoll hits you with a flail!
* * * LOW HITPOINT WARNING * * *
The gnoll hits you from afar with a spear.
* * * LOW HITPOINT WARNING * * *
You block the gnoll's attack. The gnoll closely misses you.
The gnoll hits you but does no damage. The gnoll barely misses you.
You see here 3 arrows.
The gnoll shaman completely misses you. You furiously retaliate!
You headbutt the gnoll shaman!
You kill the gnoll shaman!
Your Shields skill increases to level 6!
You have reached level 8!
You feel agile.
The gnoll hits you from afar with a halberd.
You die...

..... ##...[...#......
.... ##.####.........
......#.(### #........
........(..## #.......
.....##.##(.####......
..........(..##......
.....#######)........
..... ##.##.... ....
#@(## .. ..##
##)g#####.. .#
######gg......
#.....gg(####.
#......%.#
#............#
#........#####
..........#
##........#


You could see 5 gnolls.

Vanquished Creatures
  Sigmund (D:4)
  Duvessa (D:4)
  An ogre (D:4)
  A centaur (D:5)
  Dowan (D:4)
  A scorpion (D:4)
  3 howler monkeys
  A gnoll shaman (D:5)
  2 centaur skeletons
  Natasha (thrice) (D:4)
  3 worker ants
  5 adders
  A shadow imp (D:5)
  An adder skeleton (D:4)
  A worm (D:2)
  A dart slug (D:1)
  3 leopard geckos
  5 orcs (D:3)
  12 bats
  4 giant cockroaches
  14 goblins
  14 hobgoblins
  2 jackals (D:1)
  A quokka (D:5)
  5 frilled lizards
  3 kobolds
  A quokka skeleton (D:5)
  5 rats
96 creatures vanquished.

Notes
Turn   | Place    | Note
-------+----------+-------------------------------------------
     0 | D:1      | SirKenneth the Minotaur Fighter began the quest for the Orb.
     0 | D:1      | Reached XP level 1. HP: 19/19 MP: 0/0
   152 | D:1      | Reached XP level 2. HP: 27/27 MP: 1/1
   294 | D:1      | Reached skill level 3 in Axes
   348 | D:1      | Reached XP level 3. HP: 33/33 MP: 2/2
   945 | D:2      | Reached XP level 4. HP: 40/40 MP: 3/3
  1097 | D:3      | Reached skill level 1 in Dodging
  1121 | D:3      | Reached skill level 4 in Axes
  1673 | D:4      | Noticed Duvessa
  1674 | D:4      | Noticed Dowan
  1680 | D:4      | Killed Duvessa
  1680 | D:4      | Reached XP level 5. HP: 47/47 MP: 4/4
  1683 | D:4      | Killed Dowan
  1683 | D:4      | Reached skill level 5 in Axes
  1683 | D:4      | Reached XP level 6. HP: 53/53 MP: 5/5
  1684 | D:4      | Found Ciomuj's Weapon Shoppe.
  1799 | D:4      | Noticed Natasha
  1804 | D:4      | Killed Natasha
  1820 | D:4      | Noticed Sigmund
  1831 | D:4      | Killed Sigmund
  1831 | D:4      | Reached skill level 5 in Fighting
  1831 | D:4      | Reached skill level 6 in Axes
  1831 | D:4      | Reached skill level 5 in Armour
  1856 | D:4      | Reached skill level 5 in Shields
  1856 | D:4      | Reached XP level 7. HP: 35/61 MP: 6/6
  2101 | D:4      | Noticed Natasha
  2107 | D:4      | Killed Natasha
  2416 | D:4      | Noticed Natasha
  2421 | D:4      | Killed Natasha
  2421 | D:4      | Reached skill level 7 in Axes
  2520 | D:5      | Entered Level 5 of the Dungeon
  2818 | D:5      | HP: 2/61 [gnoll/spear (3)]
  2820 | D:5      | Reached XP level 8. HP: 2/69 MP: 7/7
  2820 | D:5      | Slain by a gnoll

Skill      XL: |  1  2  3  4  5  6  7 |
---------------+----------------------+-----
Armour         | 4 5 |  5.8
Fighting       | 4 5 |  5.6
Axes           | 3 4 5 6 7 |  7.4
Shields        | 4 5 6 |  6.0
Dodging        | 1 2 |  2.5
Stealth        | |  0.3

Action                   |  1- 3 |  4- 6 |  7- 9 || total
-------------------------+-------+-------+-------++-------
Melee: War axe           |    91 |    95 |    57 ||   243
       Headbutt          |     8 |    23 |     7 ||    38
  Use: Potion            |       |       |     2 ||     2
  Eat: Bread ration      |       |     1 |     1 ||     2
Armor: Scale mail        |    42 |    48 |    24 ||   114
Dodge: Dodged            |    23 |    28 |    34 ||    85
Block: Shield            |    47 |    57 |    48 ||   152
